 Dungeon Crawl Stone Soup version 0.28-a0-10-g964c8b829e (webtiles) character file.

Game seed: 17950352994052420875

311 Gwenloh the Cudgeller (level 6, -2/55 HPs)
             Began as a Troll Warper on July 25, 2021.
             Was a Believer of Fedhas.
             Slain by an orc warrior (19 damage)
             ... on level 4 of the Dungeon on July 26, 2021.
             The game lasted 00:11:21 (3489 turns).

Gwenloh the Cudgeller (Troll Warper)                Turns: 3489, Time: 00:11:22

Health: -2/55      AC:  4    Str: 20    XL:     6   Next: 18%
Magic:  4/6        EV: 10    Int: 15    God:    Fedhas [**....]
Gold:   200        SH:  0    Dex: 11    Spells: 7/7 levels left

rFire   + . .      SeeInvis .   a - +0 mace
rCold   . . .      Faith    .   (no shield)
rNeg    . . .      Spirit   .   e - +0 robe {rF+}
rPois   .          Reflect  .   (helmet restricted)
rElec   .          Harm     .   (no cloak)
rCorr   .          Rampage  .   (gloves unavailable)
Will    .....                   (boots unavailable)
Stlth   +.........              (no amulet)
HPRegen 1.18/turn               j - +6 ring of intelligence
MPRegen 0.10/turn               (no ring)

@: no status effects
A: large, unfitting armour, claws 3, regeneration 1, shaggy fur 1, tough skin 1
a: Renounce Religion, Wall of Briars


You were on level 4 of the Dungeon.
You worshipped Fedhas.
Fedhas was pleased with you.
You visited 1 branch of the dungeon, and saw 4 of its levels.

You collected 200 gold pieces.

Inventory:

Hand Weapons
 a - a +0 mace (weapon)
Missiles
 d - 4 boomerangs of dispersal
 g - 29 stones (quivered)
 o - 2 throwing nets
Armour
 b - a +0 robe
 e - a +0 robe of fire resistance (worn)
 u - a +2 cloak
Jewellery
 j - a +6 ring of intelligence (left claw)
Wands
 r - a wand of paralysis (3)
Scrolls
 c - a scroll of blinking
 h - a scroll of torment {unknown}
 k - 4 scrolls of identify {unknown}
 l - a scroll of holy word {unknown}
 n - a scroll of fear {unknown}
 p - a scroll of enchant weapon {unknown}
 s - a scroll of noise {unknown}
 t - a scroll of immolation {unknown}
 w - a scroll of summoning {unknown}
Potions
 f - 2 potions of lignification {unknown}
 i - 3 potions of curing {unknown}
 m - a potion of cancellation {unknown}
 q - a potion of magic {unknown}
 v - a potion of mutation {unknown}


   Skills:
 - Level 1.5 Fighting
 - Level 5.0 Maces & Flails
 + Level 3.3 Throwing
 - Level 1.9 Dodging
 - Level 1.2 Spellcasting
 - Level 2.1 Translocations


You had 7 spell levels left.
You didn't know any spells.
Your spell library contained the following spells:

 Spells                   Type           Power      Damage    Failure   Level
 Blink                    Tloc           N/A        N/A       14%         2
 Gell's Gravitas          Tloc           3%         N/A       28%         3
 Lesser Beckoning         Tloc           3%         N/A       28%         3
 Teleport Other           Tloc           7%         N/A       28%         3
 Manifold Assault         Tloc           7%         N/A       95%         5


Dungeon Overview and Level Annotations

Branches:
Dungeon (4/15)
 Temple: D:4-7

Altars:
Elyvilon
Fedhas
Yredelemnul

Annotations:
D:4 Sigmund


Innate Abilities, Weirdness & Mutations

You are too large for most types of armour.
You have claws for hands.
Your natural rate of healing is unusually fast.
You are covered in fur. (AC +1)
You have tough skin. (AC +1)


Message History

The stone closely misses the orc warrior.
The orc warrior closely misses you.
You throw a stone. Fedhas protects your plant from harm.
The stone hits the orc warrior.
The orc warrior is lightly wounded.
The orc warrior hits you from afar with a +0 halberd!
You throw a stone. Fedhas protects your plant from harm.
The stone hits the orc warrior but does no damage.
The orc warrior is lightly wounded.
The orc warrior hits you from afar with a +0 halberd!
You are too injured to fight recklessly!
You are too injured to fight recklessly!
Unknown command.
You are too injured to fight recklessly!
You are too injured to fight recklessly!
Throw: 31 stones
Press: ? - help, Q - select action, (/) - cycle Shift-Dir - straight line, f/p - orc warrior
Aim: an orc warrior, wielding a +0 halberd and wearing a +0 chain mail (lightly wounded, ally target, 52% to hit)
You throw a stone. Fedhas protects your plant from harm.
The stone hits the orc warrior but does no damage.
The orc warrior is lightly wounded.
The orc warrior hits you from afar with a +0 halberd!
* * * LOW HITPOINT WARNING * * *
Throw: 30 stones
Press: ? - help, Q - select action, (/) - cycle Shift-Dir - straight line, f/p - orc warrior
Aim: an orc warrior, wielding a +0 halberd and wearing a +0 chain mail (lightly wounded, ally target, 52% to hit)
You throw a stone. Fedhas protects your plant from harm.
The stone hits the orc warrior but does no damage.
The orc warrior is lightly wounded.
The orc warrior barely misses you.
The orc priest calls upon Beogh to heal the orc warrior.
The orc warrior's wounds heal themselves!
You hear a shout!
The orc warrior hits you from afar with a +0 halberd!!
You die...
Fedhas appreciates your contribution to the ecosystem.

#...........>.....#..≈≈≈
#.###.####..#####...≈.≈≈
#.# #..# ####.≈≈≈ ##.#
#..# #≈≈≈≈ #..# #..#
#.≈≈≈ # #.## #..# #≈≈≈.
#.##.## #..# #≈.≈≈
#.#...####..# #.≈≈≈
#...#)P@P...# ..≈≈
#######..o####.##
#.......o.####.#
#...(>.<÷......###
#................#
#...(......##....#
#.........o...##.+
#.......o..#### #
#..........#


You could see an orc warrior (ally target) and an orc priest.

Vanquished Creatures
  A hound (D:4)
  Ijyb (D:3)
  Natasha (D:3)
  4 adders
  3 gnolls (D:2)
  A dart slug (D:1)
  6 endoplasms
  3 giant cockroaches
  8 goblins
  9 hobgoblins
  10 jackals
  11 kobolds
  A quokka (D:2)
  7 ball pythons
  9 bats
  6 frilled lizards
  3 rats (D:1)
84 creatures vanquished.

Vanquished Creatures (collateral kills)
  An ogre (D:4)
  Natasha (twice) (D:3)
  2 orcs (D:4)
5 creatures vanquished.

Grand Total: 89 creatures vanquished

Notes
Turn   | Place    | Note
-------+----------+-------------------------------------------
     0 | D:1      | Gwenloh the Troll Warper began the quest for the Orb.
     0 | D:1      | Reached XP level 1. HP: 19/19 MP: 1/1
    65 | D:1      | Reached skill level 2 in Maces & Flails
   156 | D:1      | Found a faded altar of an unknown god.
   178 | D:1      | Became a worshipper of Fedhas Madash
   178 | D:1      | Reached * piety under Fedhas
   213 | D:1      | Reached XP level 2. HP: 27/27 MP: 2/2
   457 | D:1      | Reached skill level 3 in Maces & Flails
   599 | D:1      | Reached XP level 3. HP: 33/33 MP: 3/3
  1176 | D:2      | Reached ** piety under Fedhas
  1571 | D:2      | Reached XP level 4. HP: 41/41 MP: 4/4
  1607 | D:2      | Reached skill level 4 in Maces & Flails
  2325 | D:3      | Noticed Ijyb
  2329 | D:3      | Paralysed by Ijyb for 2 turns
  2339 | D:3      | Paralysed by Ijyb for 4 turns
  2346 | D:3      | Paralysed by Ijyb for 4 turns
  2355 | D:3      | Killed Ijyb
  2356 | D:3      | Reached XP level 5. HP: 30/48 MP: 5/5
  2488 | D:3      | Noticed Natasha
  2498 | D:3      | Killed Natasha
  2499 | D:3      | Reached skill level 5 in Maces & Flails
  2499 | D:3      | Reached skill level 1 in Throwing
  2621 | D:3      | Found a basalt altar of Yredelemnul.
  2806 | D:3      | Noticed Natasha
  2814 | D:3      | Killed Natasha
  2933 | D:3      | Found a white marble altar of Elyvilon.
  3023 | D:4      | Noticed Sigmund
  3184 | D:4      | Noticed an ogre
  3210 | D:4      | Killed an ogre
  3343 | D:4      | Reached XP level 6. HP: 49/55 MP: 6/6
  3366 | D:4      | Noticed an orc warrior
  3428 | D:3      | Noticed Natasha
  3432 | D:3      | Killed Natasha
  3489 | D:4      | Slain by an orc warrior

Illustrated notes

Levels and vault maps discovered:
D:1:      lightli_arrival_windingriver, layout_basic,
          hellmonk_ecumenical_altar_lost_god, roderic_lattice_a,
          minmay_tromino_i4
D:2:      layout_loops_corners
D:3:      layout_basic, kennysheep_ying_yang, uniq_ijyb, uniq_natasha
D:4:      layout_loops_ring, gammafunk_temple_overflow_pools, serial_rivers,
          chequers_serial_rivers_micro_b, chequers_serial_rivers_marsh,
          chequers_serial_rivers_micro_c, chequers_serial_rivers_room_b,
          chequers_serial_rivers_large_a, chequers_serial_rivers_small_3,
          uniq_sigmund

Skill      XL: |  1  2  3  4  5 |
---------------+----------------+-----
Maces & Flails | 2 3 4 5 |  5.0
Throwing       | 3 |  3.3
Fighting       | |  1.5
Dodging        | |  1.9
Spellcasting   | |  1.2
Translocations | |  2.1

Action                   |  1- 3 |  4- 6 || total
-------------------------+-------+-------++-------
Melee: Mace              |   156 |   172 ||   328
Throw: Stone             |    82 |   121 ||   203
       Boomerang         |     1 |       ||     1
Invok: Wall of Briars    |       |     6 ||     6
Armor: Robe              |    75 |    54 ||   129
Dodge: Dodged            |    90 |   109 ||   199

Table legend: (Time is in decaauts)
 A = Elapsed time spent in this place.
 B = Non-inter-level travel time spent in this place.
 C = Inter-level travel time spent in this place.
 D = Time resting spent in this place.
 E = Time spent auto-exploring this place.
 F = Levels seen in this place.
 G = Mean time per level.
                   A        B        C        D        E       F      G
               +--------+--------+--------+--------+--------+-----+--------+
         Total |   3579 |   3419 |    160 |    130 |   2366 |   4 |  894.8 |
       Dungeon |   3579 |   3419 |    160 |    130 |   2366 |   4 |  894.8 |
               +--------+--------+--------+--------+--------+-----+--------+

Top non-repeatable levels by time:
     D:2: 1135 daAuts
     D:1: 1084 daAuts
     D:3: 1031 daAuts
     D:4: 328 daAuts
